 Dungeon Crawl Stone Soup version 0.27-a0-1308-gc08437e49b (webtiles) character file.

Game seed: 441076241800086205

36 mordus the Skirmisher (level 3, -1/29 HPs)
             Began as a Formicid Abyssal Knight on June 18, 2021.
             Was a Follower of Lugonu.
             Slain by an orc (3 damage)
             ... on level 2 of the Dungeon.
             The game lasted 00:01:33 (1018 turns).

mordus the Skirmisher (Formicid Abyssal Knight)     Turns: 1018, Time: 00:01:34

Health: -1/29      AC:  4    Str: 17    XL:     3   Next: 57%
Magic:  5/5        EV: 11    Int: 11    God:    Lugonu [*.....]
Gold:   39         SH:  0    Dex: 10    Spells: 2/2 levels left

rFire    . . .     SeeInvis +   a - +1 falchion
rCold    . . .     Faith    .   (no shield)
rNeg     . . .     Spirit   .   b - +0 leather armour
rPois    .         Reflect  .   (helmet unavailable)
rElec    .         Harm     .   (no cloak)
rCorr    .         Rampage  .   h - +0 pair of gloves
Will     .....                  (no boots)
Stlth    +.........             (no amulet)
HPRegen  0.09/turn              (no ring)
MPRegen  0.09/turn              (no ring)

@: no status effects
A: permanent stasis, dig shafts and tunnels, antennae 3, four strong arms
a: Dig, Shaft Self, Renounce Religion, Depart the Abyss


You were on level 2 of the Dungeon.
You worshipped Lugonu.
Lugonu was aware of your devotion.
You visited 1 branch of the dungeon, and saw 2 of its levels.
You visited the Abyss 1 time.

You collected 39 gold pieces.

Inventory:

Hand Weapons
 a - a +1 falchion (weapon)
Armour
 b - a +0 leather armour (worn)
 h - a +0 pair of gloves (worn)
Jewellery
 g - a ring of wizardry
Scrolls
 d - a scroll of brand weapon {unknown}
 e - a scroll of fog {unknown}
 f - a scroll of identify {unknown}
 i - a scroll of amnesia {unknown}
Potions
 c - a potion of haste {unknown}


   Skills:
 - Level 3.2 Fighting
 * Level 3.0 Long Blades
 + Level 2.7 Armour
 - Level 0.8 Dodging
 + Level 2.8 Invocations


You had 2 spell levels left.
You didn't know any spells.
Your spell library was empty.

Dungeon Overview and Level Annotations

Branches:
Dungeon (2/15)

Altars:


Innate Abilities, Weirdness & Mutations

You cannot be hasted, slowed, berserked, paralysed or teleported.
You can dig through walls and to a lower floor.
You have a pair of large antennae on your head. (SInv)
Your four strong arms can wield two-handed weapons with a shield.


Message History

You feel sick.
You feel sick.
You miss the adder.
The adder is severely wounded.
You feel sick.
You are no longer poisoned.
The adder bites you.
* * * LOW HITPOINT WARNING * * *
You barely miss the adder.
The adder is severely wounded.
The adder completely misses you.
You riposte.
You closely miss the adder.
The adder is severely wounded.
The adder bites you.
* * * LOW HITPOINT WARNING * * *
You slash the adder!
You kill the adder!
Lugonu accepts your kill.
Your Long Blades skill increases to level 3!
You barely miss the kobold. The kobold barely misses you.
You hit the kobold.
The kobold is severely wounded.
The kobold hits you but does no damage.
You barely miss the kobold.
The kobold is severely wounded.
The kobold hits you with a +0 whip.
* * * LOW HITPOINT WARNING * * *
The kobold hits you but does no damage.
You closely miss the kobold.
The kobold is severely wounded.
The kobold hits you with a +0 whip.
* * * LOW HITPOINT WARNING * * *
An orc comes into view. It is wielding a +0 trident.
Found 16 gold pieces.
You see here 17 gold pieces.
The orc shouts!
You hear a bark! x2
A jackal comes into view.
The orc barely misses you.
There is a stone staircase leading up here.
The orc hits you from afar with a +0 trident.
You die...

#...# ......
.######...####.#....
.................##
..................#
#.................#
#####.#...#.##.#..#
#.#...#.# ..
##.#)..#K# ...
#..@K..#$# .#.
#......#.# ..
#...###oK..# . #...
#...## ...## #...#
..... .{..)# ...#
#.....# ... {.$.....
## #...##..#


You could see an orc and 2 kobolds.

Vanquished Creatures
  An adder (D:2)
  2 dart slugs (D:1)
  2 bats
  3 endoplasms (D:1)
  A giant cockroach (D:1)
  2 jackals (D:1)
  7 kobolds
  4 frilled lizards (D:1)
  A goblin (D:1)
  A rat (D:1)
24 creatures vanquished.

Vanquished Creatures (others)
  2 plants (D:1)
2 creatures vanquished.

Grand Total: 26 creatures vanquished

Notes
Turn   | Place    | Note
-------+----------+-------------------------------------------
     0 | Abyss:1  | mordus the Formicid Abyssal Knight began the quest for the
                  | Orb.
     0 | Abyss:1  | Reached XP level 1. HP: 18/18 MP: 2/2
    62 | Abyss:1  | Noticed a small abomination
    63 | D:1      | Escaped the Abyss
   223 | D:1      | Reached XP level 2. HP: 19/24 MP: 3/3
   374 | D:1      | Reached * piety under Lugonu
   544 | D:1      | Reached XP level 3. HP: 24/29 MP: 4/4
  1010 | D:2      | HP: 1/29 [kobold (3)]
  1018 | D:2      | Slain by an orc

Illustrated notes

Levels and vault maps discovered:
D:1:      ncdulo_smallfort, layout_basic, serial_bayou_lagoon_a
D:2:      layout_loops_cross, ebering_ecumenical_altar_hall, minmay_vboxes

Skill      XL: |  1  2  3 |
---------------+----------+-----
Long Blades    | 3 |  3.0
Fighting       | |  3.2
Armour         | |  2.7
Dodging        | |  0.8
Invocations    | |  2.8

Action                   || total
-------------------------++-------
Melee: Falchion          ||    67
Invok: Depart the Abyss  ||     1
Armor: Leather armour    ||    20
Dodge: Dodged            ||    44
       Rpst.: Falchion   ||    13

Table legend: (Time is in decaauts)
 A = Elapsed time spent in this place.
 B = Non-inter-level travel time spent in this place.
 C = Inter-level travel time spent in this place.
 D = Time resting spent in this place.
 E = Time spent auto-exploring this place.
 F = Levels seen in this place.
 G = Mean time per level.
                   A        B        C        D        E       F      G
               +--------+--------+--------+--------+--------+-----+--------+
         Total |   1032 |   1009 |     23 |      0 |    818 |   3 |  344.0 |
       Dungeon |    969 |    946 |     23 |      0 |    760 |   2 |  484.5 |
         Abyss |     63 |     63 |      0 |      0 |     58 |   1 |   63.0 |
               +--------+--------+--------+--------+--------+-----+--------+

Top non-repeatable levels by time:
     D:1: 924 daAuts
 Abyss:1: 63 daAuts
     D:2: 44 daAuts
